 Dungeon Sprint DCSS version 0.31-a0-460-g9e667d4245 (webtiles) character file.

Game seed: 3914716670814492465

63 rocky1 the Changeling (level 4, -1/28 HPs)
             Began as an Octopode Shapeshifter on Aug 5, 2023.
             Slain by a scorpion (3 damage)
             ... in the Dungeon (Sprint IX: "|||||||||||||||||||||||||||||").
             The game lasted 00:00:19 (141 turns).

rocky1 the Changeling (Octopode Shapeshifter)        Turns: 141, Time: 00:00:20

Health: -1/28      AC:  1    Str: 14    XL:     4   Next: 9%
Magic:  4/4        EV: 14    Int: 10    God:
Gold:   0          SH:  0    Dex: 14    Spells: 3/3 levels left

rFire   . .          .
                       - Unarmed
rCold   . . .        (no shield)
rNeg    . . .        (helmet currently unavailable)
rPois   .            (no amulet)
rElec   .            (no ring)
rCorr   .            (no ring)
SInv    .            (no ring)
Will    .....        (no ring)
Stlth   ++           (no ring)
HPRegen 0.24/turn    (no ring)
MPRegen 0.09/turn    (no ring)
                     (no ring)

%: no teleportation
@: beast-form, hasted, very quick
A: beast (slay +4), almost no armour, amphibious, 8 rings, camouflage 1,
gelatinous body 1, (nimble swimmer 1), tentacles
a: Begin Untransformation


You were in the Dungeon.
You were a hulking beast.
You visited 1 branch

Inventory:

Talismans
 b - a beast talisman (active)
Scrolls
 h - a scroll of blinking
Potions
 a - a potion of lignification
 c - a potion of curing
 d - a potion of heal wounds
 f - 2 potions of magic
 g - a potion of berserk rage


   Skills:
 + Level 1.0 Fighting
 + Level 2.9 Dodging
 + Level 5.2 Unarmed Combat
 + Level 5.7 Shapeshifting


You had 3 spell levels left.
You didn't know any spells.
Your spell library was empty.

Dungeon Overview and Level Annotations

Branches:
Dungeon (1/1)

Altars:


Innate Abilities, Weirdness & Mutations

You are a hulking beast.
Your limbs bulge with bestial killing power. (Slay +4)
You cannot wear most types of armour.
You are amphibious.
You can wear up to eight rings at the same time.
Your skin changes colour to match your surroundings (Stealth+).
Your rubbery body absorbs attacks. (AC +1, EV +1)
((You are camouflaged when in or above water. (Stealth+)))
You have tentacles for arms and can constrict up to eight enemies at once.


Message History

You barely miss the iguana. You grab the iguana. You tentacle-slap the iguana.
The iguana is lightly wounded.
You constrict the iguana, but do no damage.
You tentacle-slap the iguana. You squeeze the iguana.
The iguana is heavily wounded.
You constrict the iguana. The orc barely misses you. The iguana bites you!
You tentacle-slap the iguana.
You tentacle-slap the iguana, but do no damage.
The iguana is almost dead.
You constrict the iguana, but do no damage.
You tentacle-slap the iguana.
You kill the iguana!
The orc hits you from afar with a +0 trident.
Your Unarmed Combat skill increases to level 5!
You have reached level 4!
Unknown command.
There is an open door here.
You see here an iguana corpse.
You tentacle-slap the orc but do no damage.
Your grab misses the orc. You squeeze the orc, but do no damage.
The orc completely misses you.
You tentacle-slap the orc. Your grab misses the orc.
The orc is moderately wounded.
The orc hits you with a +0 trident!
* * * LOW HITPOINT WARNING * * *
You tentacle-slap the orc. You grab the orc.
The orc is severely wounded.
You constrict the orc, but do no damage.
You tentacle-slap the orc.
You kill the orc!
Unknown command.
You tentacle-slap the orc. Your grab misses the orc.
The orc is heavily wounded.
You bludgeon the orc!
You kill the orc!
You closely miss the scorpion. Your grab misses the scorpion.
You tentacle-slap the scorpion. You grab the scorpion.
The scorpion is lightly wounded.
You constrict the scorpion. The scorpion stings you.
You die...

▓+▓
▓.▓
▓.▓
▓.▓
▓.▓
▓s▓
▓h▓
▓.▓
▓.▓
▓)▓
▓)▓
▓†▓
▓'▓
▓.▓
▓.▓


You could see a scorpion.

Vanquished Creatures
  A jelly (D)
  An iguana (D)
  2 orcs (D)
  A ball python (D)
  An endoplasm (D)
  A giant cockroach (D)
  2 kobolds (D)
9 creatures vanquished.

Notes
Turn   | Place    | Note
-------+----------+-------------------------------------------
     0 | D        | rocky1 the Octopode Shapeshifter began the quest for the
                  | Orb.
     0 | D        | Reached XP level 1. HP: 13/13 MP: 1/1
   126 | D        | Noticed a scorpion
   126 | D        | Noticed an iguana
   126 | D        | Noticed a jelly
   128 | D        | Killed a jelly
   129 | D        | Reached skill level 5 in Shapeshifting
   129 | D        | Reached XP level 2. HP: 16/18 MP: 2/2
   129 | D        | Reached XP level 3. HP: 21/23 MP: 3/3
   133 | D        | Reached skill level 5 in Unarmed Combat
   133 | D        | Reached XP level 4. HP: 8/28 MP: 4/4
   135 | D        | HP: 1/28 [orc/+0 trident (7)]
   141 | D        | Slain by a scorpion

Illustrated notes

Levels and vault maps discovered:
D:        linesprint [early_d, line_temple, items_1, d_10, items_2, lair_1,
          lair_end, items_3, orc_1, orc_end, items_4, d_15, swamp_1, shoals_1,
          snake_1, spider_1, d_20, vaults_1, items_5, swamp_end, shoals_end,
          snake_end, spider_end, vaults_end, d_27, items_6, zot_1, zot_end,
          crypt_end, forest_end, elf_end, slime_end, tomb_end, abyss_end,
          pan_hell_end]

Skill      XL: |  1  2  3 |
---------------+----------+-----
Unarmed Combat | 4 5 |  5.2
Shapeshifting  | 5 |  5.7
Fighting       | |  1.0
Dodging        | |  2.9

Action                     |  1- 3 |  4- 6 || total
---------------------------+-------+-------++-------
  Melee: Unarmed           |    13 |     8 ||    21
         Tentacles         |     3 |     1 ||     4
         Punch             |     3 |       ||     3
         Constrict         |     2 |     2 ||     4
    Use: Potion            |     1 |       ||     1
 Armour: Skin              |     1 |       ||     1
  Dodge: Dodged            |     5 |     1 ||     6

Table legend: (Time is in decaauts)
 A = Elapsed time spent in this place.
 B = Non-inter-level travel time spent in this place.
 C = Inter-level travel time spent in this place.
 D = Time resting spent in this place.
 E = Time spent auto-exploring this place.
 F = Levels seen in this place.
 G = Mean time per level.
                   A        B        C        D        E       F      G
               +--------+--------+--------+--------+--------+-----+--------+
         Total |    135 |    135 |      0 |    108 |      0 |   1 |  135.0 |
       Dungeon |    135 |    135 |      0 |    108 |      0 |   1 |  135.0 |
               +--------+--------+--------+--------+--------+-----+--------+

Top non-repeatable levels by time:
       D: 135 daAuts
